 Seeded DCSS version 0.30-a0-883-g5ad918d77d (webtiles) character file.

Game seed: 15748772131455733785 (custom seed)

46 Parcival the Covered (level 3, -3/33 HPs)
             Began as a Minotaur Fighter on Mar 17, 2023.
             Slain by a gnoll
             ... wielding a +0 flail
              (4 damage)
             ... on level 2 of the Dungeon.
             The game lasted 00:02:15 (1193 turns).

Parcival the Covered (Minotaur Fighter)             Turns: 1193, Time: 00:02:15

Health: -3/33      AC: 11    Str: 28    XL:     3   Next: 46%
Magic:  2/2        EV:  7    Int:  5    God:
Gold:   57         SH:  4    Dex:  9    Spells: 2/2 levels left

rFire   . . .      SeeInvis .    j - +0 broad axe
rCold   . . .      Faith    .    c - +0 buckler
rNeg    . . .      Spirit   .    e - +0 plate armour
rPois   +          Reflect  .    (helmet restricted)
rElec   .          Rampage  .    (no cloak)
rCorr   .                        (no gloves)
Will    .....                    (no boots) Stlth
                                 (no amulet)
HPRegen 0.25/turn                h - +6 ring of strength
MPRegen 0.08/turn                l - ring of poison resistance

@: mighty
A: horns 2, retaliatory headbutt
a: no special abilities


You were on level 2 of the Dungeon.
You visited 1 branch of the dungeon, and saw 2 of its levels.

You collected 57 gold pieces.

Inventory:

Hand Weapons
 a - a +0 war axe
 j - a +0 broad axe (weapon)
Armour
 b - a +0 scale mail
 c - a +0 buckler (worn)
 e - a +0 plate armour (worn)
Jewellery
 h - a +6 ring of strength (left hand)
 l - a ring of poison resistance (right hand)
Scrolls
 g - a scroll of fog
 m - a scroll of enchant armour {unknown}
Potions
 f - a potion of heal wounds {unknown}
 i - 2 potions of mutation {unknown}
 k - a potion of brilliance {unknown}


   Skills:
 + Level 4.1 Fighting
 + Level 3.2 Axes
 + Level 4.3 Armour
 + Level 4.0 Shields


You had 2 spell levels left.
You didn't know any spells.
Your spell library contained the following spells:

 Spells                   Type           Power      Damage    Failure   Level
 Ignite Poison            Fire/Tmut/Pois 0%         N/A       100%        3
 Kindle Blastsparks       Fire/Tloc/Air  0%         2d10      100%        3
 Freezing Cloud           Conj/Ice/Air   0%         6-21      100%        5


Dungeon Overview and Level Annotations

Branches:
Dungeon (2/15)

Altars:


Innate Abilities, Weirdness & Mutations

You have a pair of horns on your head.
You reflexively headbutt those who attack you in melee.


Message History

Okay, then.
l - a ring of poison resistance
l - a ring of poison resistance (right hand)
i - 2 glowing white potions (gained 1)
m - a scroll labelled HYCHOCSOAKO
Found a stone staircase leading down.
A gnoll comes into view. It is wielding a +0 flail.
The gnoll shouts!
A gnoll is nearby!
A gnoll comes into view. It is wielding a +0 flail.
A gnoll comes into view. It is wielding a +0 spear.
The gnoll shouts!
You hear a shout!
The gnoll hits you with a +0 flail.
You closely miss the gnoll. The gnoll hits you with a +0 flail.
You closely miss the gnoll. The gnoll closely misses you.
The gnoll hits you with a +0 flail.
You barely miss the gnoll. x2; The gnoll hits you but does no damage.
The gnoll hits you with a +0 flail!
The gnoll hits you from afar with a +0 spear.
You hit the gnoll.
The gnoll is lightly wounded.
You barely miss the gnoll. The gnoll hits you with a +0 flail.
* * * LOW HITPOINT WARNING * * *
The gnoll hits you but does no damage. x4; The gnoll closely misses you.
You closely miss the gnoll.
The gnoll is lightly wounded.
You slash the gnoll! The gnoll hits you with a +0 flail.
* * * LOW HITPOINT WARNING * * *
The gnoll hits you but does no damage.
The gnoll hits you from afar with a +0 spear.
* * * LOW HITPOINT WARNING * * *
You feel very mighty all of a sudden. The gnoll hits you but does no damage.
The gnoll barely misses you. You block the gnoll's attack.
You barely miss the gnoll. Your headbutt misses the gnoll.
The gnoll is lightly wounded.
You closely miss the gnoll. The gnoll hits you with a +0 flail.
* * * LOW HITPOINT WARNING * * *
The gnoll hits you with a +0 flail.
You die...

## .. .###.#####
.....gg@.# #######g.#
#..####### ##.##....##
# #..#.##..# ..
##.....#..##.
#..##..#....
.#######..##..#..# ....
..........##..#..###..#


You could see 3 gnolls.

Vanquished Creatures
  An adder (D:2)
  5 endoplasms
  2 giant cockroaches (D:1)
  3 goblins
  5 hobgoblins
  5 jackals
  2 ball pythons (D:1)
  3 frilled lizards
  3 kobolds
  3 rats
32 creatures vanquished.

Notes
Turn   | Place    | Note
-------+----------+-------------------------------------------
     0 | D:1      | Parcival the Minotaur Fighter began the quest for the Orb.
     0 | D:1      | Reached XP level 1. HP: 19/19 MP: 0/0
   318 | D:1      | Reached XP level 2. HP: 21/27 MP: 1/1
  1021 | D:2      | Reached XP level 3. HP: 33/33 MP: 2/2
  1193 | D:2      | HP: 1/33 [gnoll/+0 flail (5)]
  1193 | D:2      | Slain by a gnoll

Illustrated notes

Levels and vault maps discovered:
D:1:      dpeg_arrival_brainrot, layout_basic, hangedman_decor_growths,
          minmay_misc_feat_rugged, nicolae_titane
D:2:      minmay_recursive_quarters, layout_basic,
          dreamdust_ecumenical_altar_sealed_demon, serial_glass,
          glass_columns_c, glass_columns_a, hex_tiny

Skill      XL: |  1  2  3 |
---------------+----------+-----
Armour         | 4 |  4.3
Fighting       | 4 |  4.1
Shields        | 4 |  4.0
Axes           | 3 |  3.2

Action                     || total
---------------------------++-------
  Melee: War axe           ||    26
         Headbutt          ||     4
         Broad axe         ||    56
    Use: Scroll            ||     1
         Potion            ||     1
 Armour: Plate armour      ||    68
         Scale mail        ||     3
  Dodge: Dodged            ||    36
  Block: Buckler           ||    20

Table legend: (Time is in decaauts)
 A = Elapsed time spent in this place.
 B = Non-inter-level travel time spent in this place.
 C = Inter-level travel time spent in this place.
 D = Time resting spent in this place.
 E = Time spent auto-exploring this place.
 F = Levels seen in this place.
 G = Mean time per level.
                   A        B        C        D        E       F      G
               +--------+--------+--------+--------+--------+-----+--------+
         Total |   1229 |   1146 |     83 |      0 |    860 |   2 |  614.5 |
       Dungeon |   1229 |   1146 |     83 |      0 |    860 |   2 |  614.5 |
               +--------+--------+--------+--------+--------+-----+--------+

Top non-repeatable levels by time:
     D:1: 1028 daAuts
     D:2: 201 daAuts
